General information
- name: BNet
- type: Ladder team game (AT/RT)
- host: Battle.net
- saver: The.Master
map: TwilightRuins
- players: 8
- length: 99:14
- speed: Fast
- version: 1.26 W3XP
- replay type: Public
» download(426 KB)
Players
team 1 (winner)

»
my_ass_says (
blue | 85 APM | 1460 actions | 17:09)
5 Mountain King
3 Storm Bolt
2 Bash
1 Paladin
1 Holy Light
» actions
| Assign group hotkey | 15 | |
| Basic commands | 75 | |
| Build / train | 90 | |
| Enter build submenu | 18 | |
| Enter hero's abilities submenu | 6 | |
| Give item / drop item | 2 | |
| Remove unit from queue | 3 | |
| Right click | 555 | |
| Select / deselect | 433 | |
| Select group hotkey | 214 | |
| Use ability | 49 | |
1460 total
» units
| Peasant | 17 | |
| Footman | 7 | |
| Rifleman | 14 | |
| Goblin Shredder | 2 | |
| Flying Machine | 12 | |
52 total
» upgrades
» buildings
| Barracks | 1 | |
| Altar of Kings | 1 | |
| Farm | 11 | |
| Lumber Mill | 1 | |
| Town Hall | 2 | |
| Blacksmith | 1 | |
| Arcane Vault | 1 | |
| Scout Tower | 4 | |
| Arcane Tower | 3 | |
| Keep | 2 | |
| Castle | 3 | |
| Workshop | 2 | |
32 total
» build order
00:14 Barracks
00:18 Altar of Kings
00:27 Farm
01:08 Farm
01:41 Lumber Mill
03:31 Farm
03:34 Farm
04:07 Town Hall
04:13 Town Hall
04:24 Blacksmith
04:29 Arcane Vault
05:18 Scout Tower
05:19 Scout Tower
05:19 Scout Tower
06:18 Arcane Tower
06:18 Arcane Tower
06:18 Arcane Tower
07:24 Keep
07:24 Keep
08:00 Farm
08:28 Farm
09:28 Scout Tower
09:58 Farm
09:58 Farm
10:13 Castle
10:54 Castle
10:54 Castle
12:19 Workshop
12:19 Workshop
12:41 Farm
12:41 Farm
12:41 Farm
» items
| Scroll of Regeneration | 2 | |
| Claws of Attack +6 | 1 | |
| Gauntlets of Ogre Strength +3 | 1 | |
| Scroll of Town Portal | 1 | |
| Potion of Healing | 1 | |
| Potion of Mana | 1 | |
7 total

»
TheDeadlyKail (
pink | 53 APM | 830 actions | 15:33)
2 Blademaster
1 Wind Walk
1 Critical Strike
» actions
| Assign group hotkey | 13 | |
| Build / train | 39 | |
| Enter build submenu | 22 | |
| Enter hero's abilities submenu | 2 | |
| Remove unit from queue | 2 | |
| Right click | 417 | |
| Select / deselect | 241 | |
| Select group hotkey | 45 | |
| Use ability | 49 | |
830 total
» units
| Peon | 10 | |
| Grunt | 4 | |
| Troll Headhunter/Berserker | 5 | |
| Demolisher | 2 | |
| Shaman | 2 | |
23 total
» upgrades
| Melee Weapons | 1 | |
| Ranged Weapons | 1 | |
| Spiked Barricades | 1 | |
| Armor | 1 | |
| Shaman Training | 2 | |
| Burning Oil | 1 | |
7 total
» buildings
| Altar of Storms | 1 | |
| Orc Burrow | 6 | |
| Barracks | 1 | |
| Voodoo Lounge | 1 | |
| War Mill | 1 | |
| Stronghold | 1 | |
| Watch Tower | 2 | |
| Fortress | 1 | |
| Spirit Lodge | 1 | |
| Tauren Totem | 4 | |
19 total
» build order
00:08 Altar of Storms
00:12 Orc Burrow
00:13 Orc Burrow
00:49 Barracks
02:05 Orc Burrow
02:14 Voodoo Lounge
03:19 War Mill
03:24 Orc Burrow
04:32 Orc Burrow
06:21 Stronghold
07:28 Watch Tower
08:05 Orc Burrow
09:04 Fortress
09:07 Spirit Lodge
11:29 Tauren Totem
11:30 Tauren Totem
12:26 Tauren Totem
12:27 Tauren Totem
12:31 Watch Tower
» items
| Healing Salve | 1 | |
| Scroll of Speed | 2 | |
3 total
The.Master (
purple | 81 APM | 8016 actions | 99:14)
9 Archmage
3 Summon Water Elemental
3 Brilliance Aura
2 Blizzard
1 Mass Teleport
4 Goblin Tinker
2 Engineering Upgrade
2 Cluster Rockets
1 Shadow Hunter
1 Big Bad Voodoo
» actions
| Assign group hotkey | 139 | |
| Basic commands | 261 | |
| Build / train | 398 | |
| ESC pressed | 13 | |
| Enter build submenu | 124 | |
| Enter hero's abilities submenu | 15 | |
| Give item / drop item | 11 | |
| Remove unit from queue | 6 | |
| Right click | 2884 | |
| Select / deselect | 1251 | |
| Select group hotkey | 1923 | |
| Use ability | 991 | |
8016 total
» units
| Peasant | 53 | |
| Footman | 8 | |
| Goblin Shredder | 4 | |
| Sorceress | 5 | |
| Gryphon Rider | 13 | |
| Goblin Sapper | 4 | |
| Dragonhawk Rider | 3 | |
| Rifleman | 12 | |
| Knight | 7 | |
| Spell Breaker | 3 | |
| Priest | 7 | |
119 total
» upgrades
| Masonry | 3 | |
| Sorceress Training | 2 | |
| Lumber Harvesting | 2 | |
| Storm Hammers | 1 | |
| Swords | 3 | |
| Armor | 3 | |
| Animal War Training | 1 | |
| Cloud | 1 | |
| Magic Sentry | 1 | |
| Plating | 3 | |
| Gunpowder | 3 | |
| Defend | 1 | |
| Long Rifles | 1 | |
| Priest Training | 2 | |
| Control Magic | 1 | |
28 total
» buildings
| Altar of Kings | 1 | |
| Barracks | 5 | |
| Farm | 16 | |
| Lumber Mill | 1 | |
| Town Hall | 9 | |
| Keep | 3 | |
| Scout Tower | 73 | |
| Arcane Tower | 31 | |
| Arcane Vault | 1 | |
| Guard Tower | 123 | |
| Arcane Sanctum | 3 | |
| Castle | 4 | |
| Gryphon Aviary | 4 | |
| Blacksmith | 2 | |
276 total
» build order
00:38 Altar of Kings
00:41 Barracks
00:50 Farm
01:06 Farm
01:35 Farm
01:51 Lumber Mill
02:17 Farm
03:43 Town Hall
04:20 Keep
04:20 Keep
04:20 Keep
04:22 Scout Tower
04:35 Scout Tower
04:36 Scout Tower
04:45 Scout Tower
04:45 Scout Tower
04:46 Scout Tower
04:47 Scout Tower
04:48 Scout Tower
04:57 Arcane Tower
04:57 Arcane Tower
05:10 Arcane Vault
05:30 Guard Tower
05:30 Guard Tower
06:00 Guard Tower
06:00 Guard Tower
07:04 Arcane Sanctum
07:09 Guard Tower
07:09 Guard Tower
07:28 Castle
07:28 Castle
07:32 Guard Tower
07:33 Guard Tower
09:34 Gryphon Aviary
09:37 Gryphon Aviary
09:51 Gryphon Aviary
09:54 Gryphon Aviary
09:58 Scout Tower
09:59 Scout Tower
10:01 Scout Tower
10:03 Scout Tower
10:35 Scout Tower
10:37 Scout Tower
10:38 Scout Tower
10:38 Scout Tower
10:40 Scout Tower
10:49 Guard Tower
10:49 Guard Tower
10:49 Guard Tower
10:50 Guard Tower
10:50 Guard Tower
10:50 Guard Tower
11:29 Guard Tower
11:59 Blacksmith
12:11 Farm
15:30 Farm
15:30 Farm
15:44 Scout Tower
15:45 Scout Tower
16:01 Scout Tower
16:03 Scout Tower
16:12 Scout Tower
16:13 Scout Tower
16:14 Scout Tower
16:15 Scout Tower
16:16 Guard Tower
16:57 Guard Tower
16:57 Guard Tower
16:57 Guard Tower
16:59 Guard Tower
16:59 Guard Tower
16:59 Guard Tower
17:12 Scout Tower
17:13 Scout Tower
17:14 Scout Tower
17:15 Scout Tower
17:17 Scout Tower
17:19 Scout Tower
17:21 Scout Tower
17:25 Scout Tower
17:45 Guard Tower
17:45 Guard Tower
17:46 Guard Tower
17:46 Guard Tower
17:47 Guard Tower
17:47 Guard Tower
17:47 Guard Tower
17:48 Guard Tower
17:48 Guard Tower
17:49 Guard Tower
17:49 Guard Tower
17:51 Guard Tower
17:51 Guard Tower
17:52 Scout Tower
17:53 Scout Tower
18:05 Scout Tower
19:28 Guard Tower
19:28 Guard Tower
19:33 Guard Tower
19:33 Guard Tower
26:59 Farm
27:01 Farm
27:20 Farm
27:22 Farm
30:15 Farm
32:04 Town Hall
32:13 Town Hall
35:51 Town Hall
35:54 Town Hall
36:57 Scout Tower
37:05 Scout Tower
37:12 Scout Tower
37:18 Scout Tower
37:34 Arcane Tower
37:35 Arcane Tower
37:35 Arcane Tower
37:45 Arcane Tower
37:46 Arcane Tower
37:56 Arcane Tower
37:57 Arcane Tower
37:57 Arcane Tower
37:58 Arcane Tower
40:00 Scout Tower
40:11 Scout Tower
40:45 Guard Tower
40:45 Guard Tower
40:48 Scout Tower
41:42 Town Hall
42:13 Scout Tower
42:16 Scout Tower
42:29 Town Hall
42:38 Guard Tower
42:39 Guard Tower
42:39 Guard Tower
42:47 Scout Tower
42:50 Guard Tower
42:50 Guard Tower
42:50 Guard Tower
42:52 Arcane Tower
43:14 Guard Tower
43:14 Guard Tower
43:15 Guard Tower
43:46 Scout Tower
43:47 Scout Tower
43:51 Scout Tower
43:53 Scout Tower
44:16 Arcane Tower
44:17 Arcane Tower
44:23 Arcane Tower
44:23 Arcane Tower
44:47 Guard Tower
46:38 Scout Tower
46:39 Scout Tower
47:27 Town Hall
47:29 Scout Tower
47:59 Arcane Tower
48:00 Guard Tower
48:00 Guard Tower
48:00 Guard Tower
48:09 Guard Tower
48:10 Guard Tower
48:46 Guard Tower
48:46 Guard Tower
49:00 Scout Tower
49:35 Arcane Tower
61:51 Scout Tower
61:52 Scout Tower
61:53 Scout Tower
61:55 Scout Tower
62:21 Arcane Tower
62:21 Guard Tower
62:22 Guard Tower
62:22 Guard Tower
62:22 Guard Tower
62:22 Guard Tower
63:54 Barracks
63:58 Barracks
64:01 Blacksmith
64:03 Scout Tower
64:04 Scout Tower
64:09 Scout Tower
64:11 Scout Tower
64:12 Scout Tower
64:14 Scout Tower
64:32 Guard Tower
64:32 Guard Tower
64:32 Guard Tower
64:34 Guard Tower
64:35 Guard Tower
64:35 Guard Tower
64:41 Guard Tower
64:41 Guard Tower
64:42 Guard Tower
64:42 Guard Tower
64:42 Guard Tower
64:45 Guard Tower
64:45 Guard Tower
71:00 Scout Tower
71:00 Scout Tower
71:29 Scout Tower
71:31 Arcane Tower
71:31 Arcane Tower
71:32 Scout Tower
71:55 Guard Tower
71:55 Guard Tower
71:55 Guard Tower
71:56 Guard Tower
71:56 Guard Tower
71:58 Guard Tower
71:58 Guard Tower
71:58 Guard Tower
72:05 Barracks
72:10 Arcane Sanctum
72:15 Scout Tower
72:27 Scout Tower
72:47 Guard Tower
72:47 Guard Tower
72:48 Guard Tower
73:03 Guard Tower
73:03 Guard Tower
77:58 Scout Tower
77:59 Scout Tower
78:01 Scout Tower
78:32 Guard Tower
78:32 Guard Tower
78:37 Guard Tower
78:37 Guard Tower
81:17 Arcane Sanctum
81:19 Barracks
81:45 Farm
85:30 Farm
85:31 Farm
85:35 Farm
91:36 Town Hall
» items
| Scroll of Regeneration | 9 | |
| Lesser Clarity Potion | 5 | |
| Staff of Teleportation | 2 | |
| Periapt of Vitality | 1 | |
| Scroll of Town Portal | 5 | |
| Potion of Healing | 4 | |
| Tome of Retraining | 1 | |
| Potion of Invisibility | 4 | |
| Mechanical Critter | 3 | |
| Potion of Lesser Invulnerability | 1 | |
| Boots of Speed | 1 | |
| Pendant of Energy | 2 | |
| Ring of Regeneration | 2 | |
| Mana Stone | 1 | |
| Staff of Sanctuary | 1 | |
42 total
TALKING.DOW. (
yellow | 38 APM | 2934 actions | 77:56)
5 Shadow Hunter
3 Hex
2 Healing Wave
» actions
| Assign group hotkey | 75 | |
| Basic commands | 25 | |
| Build / train | 70 | |
| Enter build submenu | 26 | |
| Enter hero's abilities submenu | 5 | |
| Give item / drop item | 3 | |
| Remove unit from queue | 2 | |
| Right click | 1313 | |
| Select / deselect | 376 | |
| Select group hotkey | 810 | |
| Use ability | 229 | |
2934 total
» units
| Peon | 25 | |
| Wind Rider | 4 | |
| Troll Batrider | 9 | |
| Makrura Deepseer | 3 | |
| Goblin Sapper | 2 | |
| Goblin Zeppelin | 1 | |
44 total
» upgrades
| Reinforced Defenses | 1 | |
| Liquid Fire | 1 | |
2 total
» buildings
| Altar of Storms | 2 | |
| Orc Burrow | 11 | |
| War Mill | 2 | |
| Stronghold | 1 | |
| Voodoo Lounge | 1 | |
| Beastiary | 2 | |
| Great Hall | 3 | |
| Watch Tower | 41 | |
| Fortress | 1 | |
64 total
» build order
00:11 Altar of Storms
00:22 Orc Burrow
01:58 War Mill
02:08 Stronghold
02:13 Voodoo Lounge
02:40 Orc Burrow
02:41 Orc Burrow
03:50 Orc Burrow
04:35 Beastiary
04:36 Beastiary
05:07 Great Hall
05:16 Great Hall
07:52 Watch Tower
09:12 Watch Tower
09:12 Watch Tower
09:12 Watch Tower
09:14 Watch Tower
09:46 Fortress
10:26 Watch Tower
10:26 Watch Tower
10:27 Watch Tower
10:28 Watch Tower
10:28 Watch Tower
12:18 Watch Tower
12:18 Watch Tower
12:19 Watch Tower
12:19 Watch Tower
13:29 Watch Tower
13:30 Watch Tower
13:30 Watch Tower
13:31 Watch Tower
13:31 Watch Tower
13:31 Watch Tower
17:07 Watch Tower
17:07 Watch Tower
17:07 Watch Tower
17:08 Watch Tower
17:09 Watch Tower
17:10 Watch Tower
17:11 Watch Tower
17:11 Watch Tower
17:13 Watch Tower
17:13 Watch Tower
17:16 Watch Tower
17:17 Watch Tower
17:18 Watch Tower
17:18 Watch Tower
18:21 Watch Tower
18:21 Watch Tower
18:21 Watch Tower
18:23 Watch Tower
18:23 Watch Tower
18:24 Watch Tower
18:24 Watch Tower
22:02 Orc Burrow
22:03 Orc Burrow
34:28 Great Hall
34:52 Altar of Storms
34:55 Orc Burrow
35:04 War Mill
37:11 Orc Burrow
44:13 Orc Burrow
44:14 Orc Burrow
44:15 Orc Burrow
» items
| Staff of Teleportation | 1 | |
| Boots of Speed | 1 | |
| Healing Salve | 2 | |
| Scroll of Town Portal | 4 | |
| Orb of Lightning | 1 | |
| Potion of Mana | 3 | |
| Potion of Invisibility | 1 | |
| Potion of Lesser Invulnerability | 1 | |
14 total
team 2 (loser)
whocaresanyway (
orange | 59 APM | 1846 actions | 31:04)
5 Death Knight
3 Death Coil
2 Unholy Aura
4 Lich
2 Frost Nova
2 Frost Armor
» actions
| Assign group hotkey | 29 | |
| Basic commands | 157 | |
| Build / train | 92 | |
| ESC pressed | 9 | |
| Enter build submenu | 39 | |
| Enter hero's abilities submenu | 9 | |
| Give item / drop item | 3 | |
| Right click | 857 | |
| Select / deselect | 251 | |
| Select group hotkey | 323 | |
| Use ability | 77 | |
1846 total
» units
| Acolyte | 22 | |
| Crypt Fiend | 15 | |
| Ghoul | 3 | |
| Frost Wyrm | 6 | |
46 total
» upgrades
| Creature Attack | 3 | |
| Creature Carapace | 3 | |
| Web | 1 | |
| Freezing Breath | 1 | |
8 total
» buildings
| Crypt | 1 | |
| Graveyard | 1 | |
| Ziggurat | 16 | |
| Tomb of Relics | 1 | |
| Spirit Tower | 13 | |
| Nerubian Tower | 1 | |
| Altar of Darkness | 1 | |
| Halls of the Dead | 1 | |
| Necropolis | 2 | |
| Black Citadel | 1 | |
| Sacrificial Pit | 1 | |
| Boneyard | 3 | |
42 total
» build order
00:09 Crypt
00:20 Graveyard
00:41 Ziggurat
01:16 Tomb of Relics
02:39 Ziggurat
02:58 Spirit Tower
03:00 Nerubian Tower
03:06 Altar of Darkness
05:28 Halls of the Dead
06:15 Ziggurat
07:12 Ziggurat
09:03 Necropolis
09:25 Black Citadel
10:20 Sacrificial Pit
12:16 Boneyard
12:18 Boneyard
12:21 Boneyard
13:33 Ziggurat
13:34 Ziggurat
13:34 Ziggurat
16:12 Spirit Tower
16:46 Necropolis
18:17 Ziggurat
18:19 Ziggurat
18:40 Ziggurat
19:04 Ziggurat
19:52 Ziggurat
19:54 Ziggurat
23:39 Ziggurat
23:40 Ziggurat
24:17 Ziggurat
24:56 Spirit Tower
25:02 Spirit Tower
25:03 Spirit Tower
25:03 Spirit Tower
25:03 Spirit Tower
25:28 Spirit Tower
25:28 Spirit Tower
25:28 Spirit Tower
25:28 Spirit Tower
» items
| Rod of Necromancy | 1 | |
| Scroll of Town Portal | 3 | |
| Orb of Corruption | 1 | |
| Potion of Healing | 2 | |
7 total
KBilly (
green | 29 APM | 2873 actions | 99:13)
9 Blademaster
3 Critical Strike
3 Wind Walk
1 Bladestorm
2 Mirror Image
5 Tauren Chieftain
3 Endurance Aura
1 War Stomp
1 Shockwave
» actions
| Assign group hotkey | 49 | |
| Basic commands | 127 | |
| Build / train | 128 | |
| ESC pressed | 12 | |
| Enter build submenu | 61 | |
| Enter hero's abilities submenu | 14 | |
| Give item / drop item | 2 | |
| Right click | 949 | |
| Select / deselect | 595 | |
| Select group hotkey | 634 | |
| Use ability | 302 | |
2873 total
» units
| Peon | 45 | |
| Grunt | 3 | |
| Goblin Shredder | 1 | |
| Troll Witch Doctor | 7 | |
| Shaman | 6 | |
| Tauren | 6 | |
| Spirit Walker | 2 | |
| Demolisher | 3 | |
73 total
» upgrades
| Armor | 3 | |
| Spiked Barricades | 1 | |
| Melee Weapons | 3 | |
| Witch Doctor Training | 2 | |
| Shaman Training | 2 | |
| Reinforced Defenses | 1 | |
| Pulverize | 1 | |
| Pillage | 1 | |
| Backpack | 1 | |
| Spirit Walker Training | 2 | |
| Burning Oil | 1 | |
| Ranged Weapons | 2 | |
20 total
» buildings
| Altar of Storms | 1 | |
| Orc Burrow | 11 | |
| Barracks | 3 | |
| Voodoo Lounge | 2 | |
| Great Hall | 17 | |
| War Mill | 2 | |
| Stronghold | 1 | |
| Watch Tower | 18 | |
| Fortress | 1 | |
| Spirit Lodge | 2 | |
| Tauren Totem | 2 | |
60 total
» build order
00:18 Altar of Storms
00:27 Orc Burrow
00:50 Barracks
01:32 Orc Burrow
02:04 Voodoo Lounge
03:07 Great Hall
03:41 Orc Burrow
04:27 War Mill
05:06 Stronghold
06:11 Watch Tower
07:18 Watch Tower
07:21 Orc Burrow
07:24 Watch Tower
07:38 Fortress
07:41 Spirit Lodge
07:43 Spirit Lodge
08:29 Watch Tower
08:32 Orc Burrow
08:36 Orc Burrow
09:03 Voodoo Lounge
09:39 Watch Tower
10:11 Watch Tower
10:14 Watch Tower
10:27 Tauren Totem
10:33 Tauren Totem
11:06 Watch Tower
12:12 Watch Tower
13:55 Orc Burrow
13:58 Orc Burrow
16:10 Orc Burrow
21:44 Great Hall
21:47 Watch Tower
22:34 Barracks
22:42 Barracks
23:44 Great Hall
23:47 Watch Tower
23:49 Watch Tower
24:31 Orc Burrow
24:55 Great Hall
24:58 Watch Tower
24:59 Watch Tower
25:01 Watch Tower
26:09 Great Hall
40:33 Great Hall
42:10 Watch Tower
45:40 Great Hall
51:54 Great Hall
53:25 Great Hall
58:41 Great Hall
63:57 Great Hall
64:02 Watch Tower
65:10 Watch Tower
65:49 Great Hall
69:33 Great Hall
78:03 Great Hall
78:40 Great Hall
79:55 Great Hall
89:25 Great Hall
89:31 War Mill
89:35 Orc Burrow
» items
| Healing Salve | 4 | |
| Boots of Speed | 1 | |
| Staff of Teleportation | 1 | |
| Lesser Clarity Potion | 4 | |
| Orb of Lightning | 2 | |
| Scroll of Town Portal | 1 | |
| Potion of Healing | 1 | |
| Scroll of Speed | 1 | |
| Tiny Great Hall | 1 | |
| Circlet of Nobility | 1 | |
17 total
FoX.WmWM (
teal | 46 APM | 1423 actions | 30:58)
5 Death Knight
3 Death Coil
2 Unholy Aura
4 Lich
2 Frost Nova
2 Frost Armor
» actions
| Basic commands | 13 | |
| Build / train | 67 | |
| Enter build submenu | 23 | |
| Enter hero's abilities submenu | 9 | |
| Give item / drop item | 3 | |
| Remove unit from queue | 1 | |
| Right click | 774 | |
| Select / deselect | 450 | |
| Use ability | 82 | |
1423 total
» units
| Acolyte | 14 | |
| Ghoul | 5 | |
| Crypt Fiend | 12 | |
| Obsidian Statue | 3 | |
34 total
» upgrades
| Creature Attack | 2 | |
| Creature Carapace | 2 | |
| Web | 1 | |
| Destroyer Form | 1 | |
6 total
» buildings
| Graveyard | 1 | |
| Altar of Darkness | 2 | |
| Crypt | 1 | |
| Ziggurat | 8 | |
| Tomb of Relics | 1 | |
| Halls of the Dead | 1 | |
| Slaughterhouse | 1 | |
| Black Citadel | 1 | |
| Sacrificial Pit | 1 | |
| Necropolis | 2 | |
19 total
» build order
00:40 Graveyard
00:45 Altar of Darkness
00:50 Crypt
00:53 Ziggurat
01:36 Altar of Darkness
01:42 Ziggurat
02:37 Tomb of Relics
03:11 Ziggurat
04:43 Halls of the Dead
05:35 Ziggurat
08:13 Slaughterhouse
08:17 Ziggurat
09:18 Black Citadel
13:58 Ziggurat
17:06 Ziggurat
17:08 Ziggurat
17:11 Sacrificial Pit
26:37 Necropolis
30:25 Necropolis
» items
| Rod of Necromancy | 1 | |
| Scroll of Protection | 1 | |
| Potion of Lesser Invulnerability | 1 | |
| Boots of Speed | 1 | |
| Scroll of Town Portal | 3 | |
| Dust of Appearance | 1 | |
| Orb of Corruption | 1 | |
9 total
Neuromancer (
red | 38 APM | 3736 actions | 99:13)
10 Blademaster
3 Wind Walk
3 Critical Strike
1 Bladestorm
3 Mirror Image
» actions
| Assign group hotkey | 286 | |
| Basic commands | 318 | |
| Build / train | 119 | |
| Enter build submenu | 71 | |
| Enter hero's abilities submenu | 10 | |
| Give item / drop item | 8 | |
| Remove unit from queue | 5 | |
| Right click | 1474 | |
| Select / deselect | 544 | |
| Select group hotkey | 621 | |
| Use ability | 280 | |
3736 total
» units
| Peon | 9 | |
| Grunt | 3 | |
| Goblin Shredder | 4 | |
| Wind Rider | 6 | |
| Goblin Zeppelin | 5 | |
| Goblin Sapper | 38 | |
| Acolyte | 1 | |
| Troll Batrider | 4 | |
70 total
» upgrades
| Ranged Weapons | 3 | |
| Armor | 3 | |
| Envenomed Spears | 1 | |
| Liquid Fire | 1 | |
| Reinforced Defenses | 1 | |
| Burning Oil | 1 | |
| Troll Regeneration | 1 | |
11 total
» buildings
| Orc Burrow | 9 | |
| Altar of Storms | 1 | |
| Barracks | 1 | |
| Voodoo Lounge | 1 | |
| Stronghold | 1 | |
| Great Hall | 4 | |
| War Mill | 2 | |
| Watch Tower | 58 | |
| Fortress | 1 | |
| Beastiary | 4 | |
82 total
» build order
00:12 Orc Burrow
00:51 Altar of Storms
00:53 Barracks
01:13 Orc Burrow
01:44 Voodoo Lounge
02:53 Stronghold
04:02 Orc Burrow
04:06 Great Hall
05:06 War Mill
06:15 Orc Burrow
06:38 Watch Tower
06:38 Watch Tower
06:39 Watch Tower
07:11 Fortress
08:09 Beastiary
08:09 Beastiary
08:11 Beastiary
08:16 Beastiary
08:23 War Mill
14:01 Watch Tower
14:02 Watch Tower
14:03 Watch Tower
14:37 Watch Tower
14:37 Watch Tower
14:40 Watch Tower
14:43 Watch Tower
14:45 Watch Tower
14:49 Watch Tower
14:49 Watch Tower
14:51 Watch Tower
14:52 Watch Tower
14:53 Watch Tower
14:53 Watch Tower
14:55 Watch Tower
14:56 Watch Tower
14:57 Watch Tower
16:54 Watch Tower
16:55 Watch Tower
16:56 Watch Tower
16:59 Watch Tower
17:03 Watch Tower
17:09 Watch Tower
17:09 Watch Tower
17:10 Watch Tower
17:11 Watch Tower
17:13 Watch Tower
18:21 Watch Tower
18:23 Watch Tower
18:25 Watch Tower
18:38 Watch Tower
18:42 Watch Tower
20:37 Watch Tower
20:37 Watch Tower
20:38 Watch Tower
21:38 Orc Burrow
21:40 Orc Burrow
21:44 Orc Burrow
21:47 Orc Burrow
21:52 Orc Burrow
24:53 Great Hall
25:02 Watch Tower
25:02 Watch Tower
25:03 Watch Tower
25:04 Watch Tower
25:07 Watch Tower
25:08 Watch Tower
25:08 Watch Tower
25:09 Watch Tower
25:10 Watch Tower
25:11 Watch Tower
25:12 Watch Tower
25:12 Watch Tower
48:03 Great Hall
48:07 Watch Tower
48:08 Watch Tower
48:08 Watch Tower
48:08 Watch Tower
48:40 Great Hall
48:42 Watch Tower
48:43 Watch Tower
48:43 Watch Tower
» items
| Healing Salve | 6 | |
| Lesser Clarity Potion | 5 | |
| Orb of Lightning | 1 | |
| Potion of Healing | 3 | |
| Scroll of Town Portal | 2 | |
| Staff of Teleportation | 1 | |
| Potion of Mana | 2 | |
20 total
Chat log
(00:04 / All) my_ass_says: GAGGOOOOO
(00:15 / Allies) TheDeadlyKail: where?
(00:20 / All) TheDeadlyKail: WHOS GAGOOOOOOO
(00:32 / All) TALKING.DOW.: khal drogo
(00:33 / All) TALKING.DOW.: dead now
(00:43 / All) TheDeadlyKail: GAGOO PLAYING RIGHIT NO
(00:52 / All) The.Master: are you recording?
(01:00 / All) my_ass_says: lol
(01:01 / All) TheDeadlyKail: GAGOO IS NOT PLAYING U IDIOT
(01:02 / All) Neuromancer: stfu you baby back bitch
(01:10 / All) TheDeadlyKail: GAGOO IS NOT HERE
(01:20 / All) my_ass_says: just trolling
(01:20 / All) my_ass_says: :D
(01:27 / All) TheDeadlyKail: HI IM GAGOOO
(01:31 / All) TALKING.DOW.: i am confused what us doing on
(02:28 / All) The.Master: I've never matched WTii despite playing a lot
(02:36 / All) The.Master: best I got was a cast by SBK
(02:42 / All) my_ass_says: he mainly plays euro server
(03:02 / All) FoX.WmWM: nerds
(05:00 / Allies) my_ass_says: 100wood pls
(05:06 / Allies) TheDeadlyKail: yes
(05:07 / Allies) my_ass_says: ty
(05:10 / Allies) my_ass_says: ill pay back
(05:31 / Allies) TheDeadlyKail: purple
(05:32 / Allies) TheDeadlyKail: wtf
(05:34 / Allies) TheDeadlyKail: u take my expo?
(05:41 / Allies) The.Master: yours was this
(05:44 / Allies) TheDeadlyKail: dumb idiot dont even think about team
(05:44 / Allies) The.Master: yellow took it
(05:52 / Allies) TheDeadlyKail: since yelow took it u should of took this one
(05:57 / Allies) TheDeadlyKail: its still close
(05:59 / Allies) The.Master: I took mine before yellow took it
(06:07 / Allies) The.Master: bitch at yellow not me
(06:09 / Allies) my_ass_says: derp
(06:11 / Allies) my_ass_says: relax
(06:12 / Allies) TheDeadlyKail: stfu
(06:15 / Allies) TheDeadlyKail: u should of known
(06:19 / Allies) TheDeadlyKail: ur retarded just like yellow
(06:24 / Allies) The.Master: lol
(06:25 / Allies) The.Master: someone is mad
(06:30 / Allies) TheDeadlyKail: yeah u bitch
(06:35 / Allies) TALKING.DOW.: gentlemen gentlemen
(06:42 / Allies) The.Master: you suck, you level 1 harass lol
(06:45 / Allies) The.Master: rather than creep to level 3
(07:04 / Allies) TheDeadlyKail: stfu noob u swallow
(07:14 / Allies) The.Master: one of us has an expo and it isn't you
(07:17 / Allies) The.Master: looks like you're the noob
(07:30 / Allies) TheDeadlyKail: ur so badf
(07:36 / Allies) The.Master: you watch wtii
(07:42 / Allies) TheDeadlyKail: no
(07:46 / Allies) TheDeadlyKail: i watch his wife
(07:51 / Allies) The.Master: wow, good one
(08:36 / Allies) The.Master: lol
(08:36 / All) TheDeadlyKail: hoyl shit these creep
(08:42 / All) The.Master: HE JUST GOT HIS BM KILLED BY CREEPS
(08:44 / All) The.Master: AND IS CALLING ME BAD
(08:44 / All) The.Master: LOL
(09:01 / All) TheDeadlyKail: green is obviously teching plz find him
(09:36 / All) TheDeadlyKail: noob
(09:47 / All) The.Master: says the one who loses his fucking hero to creeps
(10:00 / All) TheDeadlyKail: purple took my expo
(10:07 / All) The.Master: it isn't "your" expo
(10:09 / All) TheDeadlyKail: now i wont get gold
(10:19 / All) The.Master: better off fucking trash like you doesn't get it anyway
(10:19 / All) TheDeadlyKail: om
(10:24 / All) TheDeadlyKail: ur so retarded
(10:28 / All) TheDeadlyKail: every1 has an expo infront of them
(10:32 / All) The.Master: you lost your bm to creeps
(10:33 / All) The.Master: shut the fuck up
(10:44 / Allies) TALKING.DOW.: to me pink
(10:57 / Allies) TheDeadlyKail: trap
(11:19 / Allies) TALKING.DOW.: dont fight there
(11:20 / Allies) TALKING.DOW.: wow
(11:22 / Allies) TALKING.DOW.: at my towers
(11:34 / Allies) TheDeadlyKail: sry playing really bad klol
(11:38 / Allies) TheDeadlyKail: wow
(11:44 / Allies) The.Master: you no doubt always play really bad
(11:48 / Allies) The.Master: I hope they wipe you off the map
(11:50 / Allies) The.Master: so I can expo at your old base
(11:55 / Allies) TheDeadlyKail: ok :(
(12:38 / Allies) TheDeadlyKail: lol playing so bad
(12:39 / All) FoX.WmWM: green 3k
(12:42 / All) FoX.WmWM: red 2k
(12:44 / Allies) The.Master: we know
(12:46 / All) TheDeadlyKail: STOP FUCKING CHEKING MY BASE ASS HOLE
(13:12 / All) TheDeadlyKail: holy crap playing so bad
(13:15 / All) The.Master: you faggot you'll pay for that orange
(13:36 / All) Neuromancer: GAGA GOO GOO
(13:39 / Allies) TALKING.DOW.: ur fine
(13:51 / Allies) TALKING.DOW.: can i get ur wood
(13:53 / Allies) TALKING.DOW.: pink
(13:58 / All) TheDeadlyKail: GAGOOOOO IS HE REALLY PLAYING
(14:07 / Allies) The.Master: and give me your gold before you leave
(14:12 / Allies) TheDeadlyKail: ok
(14:21 / Allies) The.Master: oh he didn't wipe your hall off the map unfortunately
(14:26 / Allies) TheDeadlyKail: gg guys
(14:30 / Allies) TheDeadlyKail: my bad for playing bad..
(14:34 / Allies) The.Master: it's ok
(14:36 / Allies) TheDeadlyKail: SOMEONE GIVE ME 80 GOLD
(14:36 / Allies) The.Master: you are forgiven
(14:50 / Allies) TALKING.DOW.: ?
(14:52 / All) The.Master: christ and I call pink bad, look at orange
(14:53 / Allies) TALKING.DOW.: hit his expo?
(14:56 / All) TheDeadlyKail: no tp
(15:10 / All) TheDeadlyKail: FUKCING SAVE MY TOWN HALL U IDIOTS
(15:12 / All) TheDeadlyKail: U FUCKING FAGGOTS
(15:19 / All) Neuromancer: Leave baby back bitch
(15:30 / All) TheDeadlyKail: uh i didnt really try lol to be honest aha
(15:33 / All) The.Master: LOL
(15:36 / All) Neuromancer: lol
(15:43 / Allies) TALKING.DOW.: teal
(16:09 / All) my_ass_says: no idea wuts purple doing
(16:19 / All) my_ass_says: Trolling obs
(16:30 / All) FoX.WmWM: mass griff
(16:43 / All) The.Master: no
(16:44 / All) The.Master: invisiharass
(16:47 / All) The.Master: you fucking retard
(18:02 / Allies) TALKING.DOW.: more wood if u can
(20:06 / Allies) The.Master: you can use invis on your bats
(20:23 / All) FoX.WmWM: can you leve
(20:25 / All) FoX.WmWM: leave
(20:26 / All) The.Master: no
(20:27 / All) The.Master: I won the game
(20:32 / All) TALKING.DOW.: teal u mh?
(21:13 / All) FoX.WmWM: cant win without gold
(21:14 / All) FoX.WmWM: btw
(21:16 / All) The.Master: I have 10k
(21:17 / All) The.Master: btw
(21:23 / All) TALKING.DOW.: there are other ways to win lol
(21:41 / All) FoX.WmWM: thats a lot of towera
(21:48 / All) TALKING.DOW.: alamo
(21:50 / All) TALKING.DOW.: shit
(21:51 / All) TALKING.DOW.: Son
(22:40 / Allies) The.Master: inc ur base
(23:47 / All) TALKING.DOW.: u are a great player orange
(24:30 / Allies) TALKING.DOW.: tanks for mass tp?
(24:40 / All) The.Master: Jake needs to work on his tower building placement
(24:45 / All) The.Master: my hero got stuck
(24:47 / All) The.Master: it should never get stuck
(27:11 / All) TALKING.DOW.: u nigger hacker
(27:15 / All) The.Master: he sucks for a hacker
(27:18 / All) KBilly: Sentry Ward.
(29:26 / All) KBilly: STOP TKING RED
(29:30 / All) The.Master: lol
(29:32 / All) TALKING.DOW.: like i said
(29:35 / All) TALKING.DOW.: there are other ways to win
(29:37 / All) KBilly: RED WTF?
(29:42 / All) FoX.WmWM: no life
(29:46 / All) FoX.WmWM: played 30min
(29:49 / All) FoX.WmWM: for this
(29:52 / All) FoX.WmWM: jesus
(29:56 / All) TALKING.DOW.: out teal
(29:57 / All) TALKING.DOW.: out
(30:01 / All) The.Master: out teal
(30:02 / All) The.Master: out
(30:03 / All) FoX.WmWM: why search?
(30:06 / All) KBilly: whyi ired? why? I was a good ally to you!
(30:16 / All) FoX.WmWM: he has no life
(30:16 / All) Neuromancer: why do you search?
(30:24 / All) KBilly: Why do I search?
(30:27 / All) Neuromancer: how is it any worse than playing the game straight up"
(30:37 / All) FoX.WmWM: huh
(30:41 / All) KBilly: jesus...
(30:47 / Allies) The.Master: use my gryphs if you want
(30:48 / All) FoX.WmWM: what are you talking about nerd
(30:48 / All) Neuromancer: why do you hack teal?
(30:55 / All) KBilly: Teal doesn't hack.
(30:56 / All) Neuromancer: what are you talking about nerd?
(30:58 / All) KBilly: I had a sentry ward.
(31:00 / All) whocaresanyway: some poeple cant help but spread their misery
(31:22 / All) TALKING.DOW.: out billy
(31:23 / All) TALKING.DOW.: out
(31:30 / All) Neuromancer: They never noticed my sappers all game lol
(38:15 / All) The.Master: Red is a fucking noob, about to be 0-1 for a reason
(38:30 / All) KBilly: Red and I are debating whether he should tk me again.
(38:51 / All) The.Master: what's there to debate?
(39:02 / All) TALKING.DOW.: (40:07 / All) Kbilly: That is a facile and inaccurate observation.
(39:02 / All) KBilly: He wants to TK me. I would prefer if he did not.
(42:30 / All) Neuromancer: Billy got a trivia question right
(42:35 / All) Neuromancer: I said he could keep his expansion
(44:32 / All) The.Master: noobs
(44:44 / All) KBilly: It's hard when your teammate wants you dead!
(44:57 / All) The.Master: no, you are noob
(45:08 / All) The.Master: noooob hahahaha
(45:11 / All) KBilly: Yeah? You think I should be able to beat red when he has four bases and I have none?
(45:13 / All) The.Master: green is noob hahaha
(45:14 / All) TALKING.DOW.: pink and purple were at each other's throats all game
(45:26 / All) TALKING.DOW.: we had civil war too
(46:23 / All) The.Master: noob hahahaha
(46:27 / All) The.Master: didnt even get my mine noob
(46:35 / All) KBilly: I got two towers, and five peons.
(46:41 / All) The.Master: noooob
(49:15 / All) TALKING.DOW.: stole it
(49:16 / All) TALKING.DOW.: bam
(49:21 / All) Neuromancer: Billy, if you can ask really nicely I might give you 2k gold
(49:36 / All) The.Master: billy is noob
(49:47 / All) The.Master: 808-851 noob hahahaha nOOB
(49:52 / All) Neuromancer: I mean really nicely, the nicest you've ever ask someone for anything
(50:04 / All) Neuromancer: and show the proper respect to your better
(50:15 / All) KBilly: Red is better than me, and I respect him.
(50:22 / All) Neuromancer: Ask real nice for some gold, Billy
(50:40 / All) KBilly: I'm OK for gold. What I would most like, sir, is for us to try and win together, please.
(50:49 / All) The.Master: you talk to billy like a school child lol
(56:48 / All) Neuromancer: Answer a trivia question Billy
(57:37 / All) Neuromancer: What is the movie that most impacted Nolan's The Dark Knight's cinematography?
(57:45 / All) Neuromancer: I'll give you 10 seconds to have a think
(58:02 / All) KBilly: Ronin.
(58:11 / All) Neuromancer: It was Heat
(58:18 / All) Neuromancer: Better luck next time
(58:26 / All) KBilly: He TKed me again...
(58:36 / All) The.Master: fuck most of my bases are mining out
(59:50 / All) Neuromancer: Okay Billy, this is the trivia question of all trivia questions
(59:58 / All) Neuromancer: for all the marbles concerning that expansion
(60:16 / All) Neuromancer: You get this and I won't molest again, but if you get it wrong I'll keep killing it forever
(60:43 / All) Neuromancer: Why is Emma Watson such a cunt?
(60:50 / All) KBilly: Because she's a woman?
(60:57 / All) Neuromancer: Damn it Billy
(60:58 / All) Neuromancer: You're good
(61:17 / All) Neuromancer: Billy got that one right
(61:40 / All) KBilly: Now can we win please, sir?
(64:54 / All) Neuromancer: You're going to have to answer another trivia question for that one
(65:48 / All) Neuromancer: What's my favorite sweet tea brand?
(66:12 / All) Neuromancer: I'll give you 10 seconds to have a think
(66:13 / All) TALKING.DOW.: lipton
(66:19 / All) Neuromancer: Be specific
(66:40 / All) Neuromancer: Gonna have to be specific
(66:48 / All) Neuromancer: 5 seconds
(67:00 / All) Neuromancer: Arizona
(67:05 / All) Neuromancer: You were on tthe right track!
(67:55 / All) KBilly: Arizona is everyone's favourite
(68:01 / All) KBilly: I just couldn't remember the name.
(70:21 / All) KBilly: Hahaha, purple attacking, and red taking at same time
(70:27 / All) The.Master: taking?
(71:24 / All) Neuromancer: Don't say I never did anything for you Billy
(71:25 / All) The.Master: hacker
(72:57 / All) Neuromancer: Say something nice about me Billy
(73:07 / All) KBilly: Red is a nice guy. Everyone likes him.
(73:27 / All) Neuromancer: tell the people something they don't know
(73:50 / All) KBilly: Red's dick is bigger than my dick.
(73:53 / All) Neuromancer: You're going to have to start addressing me as Your Grace
(74:11 / All) Neuromancer: And you need to tell me how great I look in my new comfy slippers every 1 minute
(74:19 / All) Neuromancer: You gotta address me as Your Grace while doing so
(74:57 / All) Neuromancer: Tut tut
(75:15 / All) Neuromancer: Tut tut Billy it's been 1 minute
(75:27 / All) KBilly: His grace looks very fine in his slippers.
(75:35 / All) Neuromancer: Thank you
(75:47 / All) Neuromancer: Let's take that out
(77:08 / All) Neuromancer: IT's been 1 minute Billy
(77:18 / All) KBilly: HIs grace is magnificent in his slippers
(77:27 / All) Neuromancer: Thank you
(77:52 / All) TALKING.DOW.: god dammit we are out of gold screw u guys
(78:37 / All) Neuromancer: It's been 1 minute Billy
(78:50 / All) KBilly: His grace has no peers insofar as slippers go
(78:51 / All) The.Master: 2 halls?
(78:54 / All) Neuromancer: Don't attack yet Billy, you need to answer a trivia question
(79:19 / All) Neuromancer: Billy, you've disobeyed a direct order
(79:24 / All) Neuromancer: There shall be consequences
(79:26 / All) KBilly: Say again your grace?
(80:15 / All) Neuromancer: Do not attack again until you answer a trivia question Billy
(80:37 / All) Neuromancer: Better not go in that base, Billy
(80:53 / All) KBilly: Understood, your grace
(81:02 / All) Neuromancer: I got to have a think on a great trivia question
(81:24 / All) Neuromancer: Billy I know you're not a financial wizard
(82:03 / All) Neuromancer: How many pennies do I have in my pockets?
(82:11 / All) KBilly: seven, your grace.
(82:30 / All) Neuromancer: Incorrect, Billy. I'm sorry but I have no pennies in my pockets.
(82:38 / All) Neuromancer: I must kill your army for this mistake
(83:10 / All) KBilly: Why...
(83:15 / All) Neuromancer: You answered wrong Billy
(83:19 / All) KBilly: NOt my hero your grace!
(84:08 / All) Neuromancer: That'll be another trivia question
(84:40 / All) Neuromancer: Alright Billy
(84:43 / All) Neuromancer: To save your base
(85:06 / All) Neuromancer: Which team is going to win the Super Bowl?
(85:13 / All) KBilly: Patriots.
(85:30 / All) Neuromancer: That was a warm up trivia question
(85:38 / All) Neuromancer: Okay, for your base's safety
(85:48 / All) Neuromancer: And by the way Billy you've been slipping about my slippers
(86:05 / All) KBilly: Whavever man, you jsut want to lose.
(86:12 / All) Neuromancer: Which member of the Patriots will win the Super Bowl MVP?
(86:23 / All) Neuromancer: that's not true Billy, that will come down to a trivia question
(86:26 / All) KBilly: Your mom.
(86:50 / All) Neuromancer: You sure are a insolent serf!
(86:57 / All) Neuromancer: No I'm afraid not Billy!
(87:14 / All) Neuromancer: You haven't even been complimenting me on how well I wear my new slippers in quite a few minutes!
(87:40 / All) Neuromancer: You're a disobedient and lazy vassel and I'm afraid I'm going to teach you a lesson
(87:45 / All) Neuromancer: Purple, feel free to kill my base!
(88:34 / All) Neuromancer: I sure hope you will learn a valuable lesson about manners today, Billy
(88:37 / All) Neuromancer: YOu really need it
(90:41 / All) Neuromancer: Billy sure is a naughty serf, he's lazy and doesn't say nice things often enough
(90:49 / All) Neuromancer: I'd let him lose but then I'd feel sorry for his next master
(91:52 / All) KBilly: See? Red just wants to lose.
(92:08 / All) Neuromancer: Billy you didn't learn anything from this experience did you?
(92:13 / All) Neuromancer: You'll never be mannered!
(92:16 / All) KBilly: Not one thing.
(94:06 / All) Neuromancer: We can chase you all day Billy
(94:08 / All) Neuromancer: You need a spanking
(94:18 / All) KBilly: How come I'm not faster, with my boots of speed?
(94:27 / All) Neuromancer: level 2 wind walk is max speed, Billy
(94:29 / All) Neuromancer: Don't you know that?
(94:35 / All) KBilly: Nope
(95:21 / All) KBilly: are you two best friends or something?
(95:31 / All) The.Master: I don't know him
(95:34 / All) The.Master: just met him this game
(95:36 / All) Neuromancer: That's hardly relevant
(95:40 / All) The.Master: FUCK
(95:42 / All) KBilly: Fuck you red.
(95:47 / All) KBilly: How's that for relevance?
(96:09 / All) Neuromancer: You didn't even address me by my proper honorific, you really are a naughty serf!
(96:17 / All) KBilly: Bitch.
(96:41 / All) Neuromancer: You needed that spanking, you're a bad little serf
(97:02 / All) Neuromancer: All of my vassels need to treat me with respect, and answer trivia questions correctly
(97:05 / All) Neuromancer: or they surely won't win!
(97:21 / All) The.Master: Green is a noob
(97:24 / All) Neuromancer: Well, anything to say for yourself you no-good?
(97:24 / All) The.Master: I am now 1 win closer to an icon
(97:52 / All) Neuromancer: If you answer a trivia question I'll let it stay for 1 hour and maybe he'll drop!
(98:23 / All) Neuromancer: How many bacteria cells are in my guts?
(98:42 / All) Neuromancer: I'll give you 10 seconds to ponder!
(99:10 / All) Neuromancer: Alright, time's up! You lose! Hope you learned a lesson about manners!